Map: Triton LE

Players

INnoVation

  • Race: Terran Terran
  • Spawn Location: 5:00

Solar - Winner!

  • Race: Zerg Zerg
  • Spawn Location: 11:00

Event: IEM Katowice 2020

VOD

Have the link to the VOD?

Description

Time

  • Played on: Feb. 28, 2020, 6:12 a.m.
  • Length: 11:52

All games in this series

Show
View Real Time Build Order
Export as new Build Order

INnoVation Terran 

Build Orders: Liberator Opening, Reaper Expand 

Get SALT Encoding   

  12  0:00  SCV  
  13  0:12  SCV  
  14  0:16  Supply Depot  
  14  0:24  SCV  
  15  0:38  SCV  
  15  0:39  Barracks  
  16  0:43  Refinery  
  16  0:50  SCV  
  17  1:02  SCV  
  18  1:14  SCV  
  19  1:26  Reaper, Orbital Command  
  20  1:39  Command Center  
  20  1:49  Supply Depot  
  20  1:52  SCV  
  21  1:57  Marine  
  22  2:04  SCV  
  23  2:08  Factory  
  23  2:11  Refinery  
  23  2:16  SCV  
  23  2:20  Barracks Reactor  
  24  2:28  SCV  
  25  2:40  SCV  
  26  2:50  Orbital Command  
  26  2:53  SCV, Starport  
  27  3:00  Hellion x2  
  27  3:05  SCV, Barracks Tech Lab  
  32  3:16  SCV  
  32  3:17  SCV  
  32  3:19  Supply Depot  
  34  3:21  Hellion x2  
  38  3:29  Liberator  
  38  3:30  SCV  
  38  3:31  SCV  
  43  3:38  Stimpack  
  43  3:42  SCV  
  43  3:44  SCV  
  43  3:46  Hellion x2  
  49  3:54  SCV  
  49  3:56  SCV  
  49  4:02  Command Center  
  48  4:06  SCV  
  48  4:08  SCV  
  50  4:14  Supply Depot, Factory Tech Lab  
  50  4:15  Liberator  
  53  4:18  Marine  
  53  4:22  Barracks  
  54  4:28  Supply Depot  
  54  4:36  SCV x2  
  59  4:41  Barracks  
  59  4:42  Engineering Bay x2  
  59  4:43  Marine  
  57  4:48  SCV  
  59  4:52  SCV  
  59  4:54  Refinery  
  59  4:57  Refinery  
  59  5:00  SCV, Starport Reactor, Marine  
  59  5:05  SCV  
  60  5:08  Terran Infantry Weapons Level 1, Terran Infantry Armor Level 1  
  60  5:10  Marine  
  60  5:11  Marine  
  60  5:12  SCV  
  63  5:16  Orbital Command  
  63  5:17  SCV  
  63  5:21  Marine  
  65  5:24  SCV, Siege Tank  
  66  5:28  Marine x2  
  66  5:29  Combat Shield  
  66  5:31  SCV  
  66  5:34  Barracks Reactor  
  69  5:36  SCV  
  70  5:43  SCV  
  70  5:48  SCV  
  70  5:49  Marine x3  
  67  5:51  Barracks  
  67  5:53  Medivac x2, Orbital Command  
  67  5:55  SCV  
  67  5:56  Barracks  
  72  6:00  SCV  
  72  6:01  Supply Depot  
  76  6:04  Siege Tank  
  76  6:07  Marine x2  
  76  6:08  SCV, Marine  
  76  6:11  Supply Depot  
  80  6:12  SCV, Marine  
  80  6:13  Marine  
  80  6:17  Armory  
  83  6:20  SCV  
  83  6:22  SCV  
  83  6:25  SCV, Marine x2  
  86  6:26  Marine  
  86  6:32  SCV  
  90  6:34  SCV  
  90  6:35  Supply Depot  
  90  6:36  Supply Depot  
  90  6:37  SCV  
  90  6:38  Supply Depot  
  90  6:39  Barracks Reactor  
  92  6:40  Siege Tank  
  92  6:44  SCV, Barracks Reactor  
  92  6:46  SCV  
  97  6:48  Refinery, Marine x3  
  97  6:49  SCV  
  101  6:56  SCV, Marine x2  
  101  6:58  SCV, Supply Depot  
  105  7:03  Barracks x2  
  105  7:05  Barracks  
  105  7:11  Terran Infantry Armor Level 2, Terran Infantry Weapons Level 2  
  105  7:15  Marine x7  
  105  7:17  SCV  
  109  7:25  Medivac  
  109  7:27  Marine x2, Siege Tank  
  112  7:33  Marine x6  
  112  7:34  Supply Depot, Marine  
  112  7:36  Supply Depot, Medivac  
  121  7:45  Marine x2  
  121  7:47  Supply Depot  
  121  7:51  Marine x3  
  124  7:54  Barracks Reactor  
  124  7:55  Barracks Reactor x2, Marine  
  124  7:56  Marine  
  124  7:57  Medivac  
  130  8:03  Supply Depot  
  130  8:04  Siege Tank  
  130  8:05  Supply Depot  
  133  8:09  Marine x2  
  133  8:10  Marine x5  
  140  8:13  Medivac, Marine  
  140  8:14  Marine  
  144  8:24  Supply Depot  
  144  8:25  Supply Depot  
  143  8:27  Marine x7  
  143  8:30  Marine  
  143  8:31  Medivac  
  143  8:32  Marine x7  
  160  8:36  Siege Tank  
  162  8:45  Marine  
  75  8:48  Medivac, Marine  
  163  8:49  Marine x6  
  163  8:50  Marine x5  
  171  9:01  Medivac  
  171  9:02  Supply Depot  
  173  9:03  Supply Depot, Marine x2  
  173  9:04  Marine  
  173  9:06  Marine x3  
  173  9:07  Marine x3  
  173  9:09  Siege Tank  
  182  9:10  Marine x3  
  170  9:25  Medivac  
  170  9:26  Marine x9  
  170  9:27  Marine  
  182  9:31  Medivac  
  182  9:38  Marine x5  
  183  9:41  Siege Tank  
  183  9:44  Marine x2  
  183  9:45  Marine x4  
  149  10:07  Marine x10  
  149  10:13  Siege Tank  
  133  10:18  Marine  
  133  10:19  Marine x4  
  131  10:25  Marine x4  
  135  10:30  Medivac x2, Marine x4  
  135  10:34  Marine x2  
  145  10:36  Marine x2  
  145  10:41  Marine  
  145  10:42  Marine x3  
  150  10:43  Marine x3  
  150  10:45  Siege Tank  
  150  10:48  Marine x4  
  160  10:52  Marine x2  
  160  10:54  Marine  
  163  11:03  Marine x2  
  163  11:04  Marine x6  
  170  11:05  Marine  
  170  11:06  Marine x3  
  170  11:10  Marine x2  
  163  11:12  Marine  
  163  11:17  Siege Tank  
  169  11:21  Marine x5  
  175  11:26  Marine  
  175  11:27  Marine x6  
  175  11:29  Marine x2  
Show
View Real Time Build Order
Export as new Build Order

Solar Zerg - Winner!

Build Orders: Hatch First 

Get SALT Encoding   

  12  0:01  Drone  
  13  0:12  Overlord  
  13  0:17  Drone  
  14  0:31  Drone x2  
  16  0:48  Hatchery  
  15  0:51  Drone  
  15  0:54  Drone  
  17  0:58  Drone  
  18  1:08  Extractor  
  17  1:13  Spawning Pool  
  17  1:16  Drone  
  17  1:20  Drone  
  18  1:28  Drone  
  19  1:39  Drone  
  20  1:50  Overlord  
  20  2:00  Queen x2  
  20  2:01  Zergling x4  
  26  2:13  Drone x2  
  28  2:22  Hatchery  
  28  2:27  Drone  
  28  2:29  Drone  
  29  2:36  Metabolic Boost  
  29  2:39  Drone  
  30  2:45  Queen  
  30  2:50  Overlord  
  32  2:54  Drone  
  32  2:55  Drone  
  34  2:58  Drone  
  34  3:00  Drone  
  36  3:09  Drone x4  
  40  3:14  Pneumatized Carapace  
  40  3:15  Drone  
  40  3:17  Drone  
  42  3:21  Overlord  
  42  3:29  Queen  
  44  3:35  Queen, Drone  
  44  3:37  Drone  
  44  3:40  Drone x2  
  50  3:41  Drone  
  50  3:46  Zergling x2  
  50  3:49  Zergling x2  
  50  3:53  Spore Crawler  
  47  3:56  Drone x4  
  47  4:00  Drone  
  47  4:01  Drone  
  54  4:03  Zergling x2  
  54  4:08  Overlord  
  55  4:10  Queen  
  55  4:13  Overlord  
  57  4:22  Spore Crawler, Drone  
  57  4:25  Spore Crawler  
  57  4:27  Drone x5  
  57  4:28  Drone  
  62  4:32  Evolution Chamber  
  62  4:33  Evolution Chamber  
  62  4:34  Drone  
  62  4:35  Drone  
  62  4:39  Drone x3  
  62  4:44  Drone x2  
  62  4:45  Zergling x2, Extractor  
  66  4:46  Zergling x2  
  66  4:49  Drone x2  
  66  4:50  Drone  
  71  4:53  Drone x2  
  71  4:55  Overlord  
  71  4:59  Overlord  
  73  5:01  Overlord  
  73  5:02  Zerg Melee Weapons Level 1  
  73  5:08  Zerg Ground Armor Level 1  
  73  5:10  Overlord  
  73  5:14  Zergling x8  
  77  5:15  Drone  
  77  5:16  Drone  
  77  5:20  Drone  
  80  5:24  Zergling x4  
  80  5:25  Zergling x2  
  80  5:26  Zergling x4  
  80  5:28  Drone  
  85  5:29  Drone  
  85  5:33  Lair  
  85  5:34  Drone  
  87  5:36  Extractor  
  87  5:38  Drone, Extractor  
  87  5:39  Drone  
  87  5:40  Drone  
  88  5:45  Drone x2  
  88  5:46  Drone, Baneling Nest  
  87  5:52  Drone  
  87  5:54  Hatchery  
  87  5:55  Zergling x6, Drone x2  
  92  6:02  Overlord  
  92  6:03  Drone  
  93  6:10  Zergling x12  
  93  6:11  Zergling x2  
  100  6:13  Drone  
  100  6:17  Hatchery  
  100  6:19  Zergling x2  
  100  6:20  Overlord  
  100  6:22  Zergling x6  
  104  6:26  Zergling x2  
  104  6:29  Overlord  
  104  6:30  Baneling x6  
  104  6:32  Drone  
  106  6:34  Overseer, Centrifical Hooks  
  106  6:35  Drone, Baneling x2  
  107  6:41  Overlord  
  107  6:43  Zergling x2  
  107  6:46  Zergling x2  
  107  6:47  Zergling x4  
  111  6:48  Drone, Baneling x2  
  111  6:49  Drone x2  
  111  6:52  Drone x2  
  111  6:53  Drone x3  
  119  6:58  Zergling x2  
  119  7:01  Zerg Melee Weapons Level 2  
  120  7:02  Drone x2  
  120  7:05  Queen  
  120  7:07  Queen  
  120  7:08  Drone x2  
  127  7:10  Overlord  
  128  7:18  Drone  
  128  7:19  Drone  
  128  7:21  Drone  
  123  7:23  Drone  
  123  7:24  Drone x2  
  123  7:28  Zerg Ground Armor Level 2, Drone  
  123  7:29  Infestation Pit  
  126  7:33  Zergling x8  
  130  7:37  Overlord, Extractor  
  130  7:38  Zergling x4  
  130  7:42  Zergling x16  
  130  7:43  Overlord  
  130  7:44  Hatchery, Zergling x6  
  138  7:49  Zergling x8  
  144  7:53  Queen  
  146  8:00  Zergling x10  
  146  8:05  Zergling x8  
  154  8:06  Overlord  
  154  8:08  Zergling x4  
  155  8:13  Zergling x6, Hive  
  155  8:15  Extractor  
  155  8:17  Zergling x8  
  155  8:19  Overlord  
  160  8:23  Drone x2  
  160  8:24  Zergling x6  
  160  8:25  Baneling x6  
  165  8:29  Zergling x4  
  165  8:33  Zergling x10  
  167  8:41  Drone x2  
  167  8:42  Overlord  
  167  8:44  Zergling x2  
  167  8:45  Zergling x8  
  172  8:53  Zergling x12  
  174  8:56  Baneling  
  174  8:57  Baneling x9  
  174  8:59  Overlord, Drone x2  
  174  9:00  Zergling x4  
  173  9:07  Zergling x2  
  173  9:08  Zergling x12  
  173  9:09  Overlord  
  180  9:10  Zergling x4  
  180  9:12  Baneling x18  
  180  9:16  Zergling x10  
  184  9:21  Baneling x8  
  184  9:23  Zergling x10  
  179  9:25  Adrenal Glands  
  179  9:27  Ultralisk Cavern  
  179  9:28  Zergling x6  
  176  9:32  Zergling x8  
  176  9:36  Zergling x4  
  178  9:39  Zergling x14  
  178  9:44  Viper  
  188  9:46  Zergling x2  
  188  9:49  Baneling x13  
  188  9:51  Zergling x8  
  191  9:59  Zergling x10  
  154  10:07  Zergling x2  
  154  10:08  Zergling x18  
  154  10:12  Zergling x2  
  154  10:13  Zergling x12  
  154  10:14  Chitinous Plating  
  150  10:16  Zergling x2, Ultralisk  
  154  10:22  Zergling x8  
  154  10:24  Zergling x6  
  161  10:28  Extractor  
  161  10:29  Spore Crawler, Drone x2  
  161  10:35  Zergling x8  
  165  10:39  Zergling x10  
  170  10:44  Ultralisk  
  170  10:45  Zergling x12  
  170  10:48  Baneling x4  
  181  10:50  Zergling x4  
  181  10:56  Zergling x14  
  189  10:58  Baneling x7  
  189  10:59  Hatchery  
  189  11:02  Zergling x4  
  187  11:06  Zergling x12  
  187  11:10  Ultralisk  
  193  11:15  Zergling x10  
  197  11:23  Zergling x8  
  197  11:24  Baneling x2  
  197  11:25  Baneling x10  
  199  11:29  Extractor  
  199  11:31  Drone  

Tags
 
Add a new tag
Caveats
  • Supply blocks, unpowered buildings, or Contaminate may cause inaccurate times.
  • Supply counts are checked every 10 seconds.